Map: Overgrown Facility

Players

OpuS

  • Race: Protoss Protoss
  • League: Platinum
  • Spawn Location: 9:00

Sketchaphone

  • Race: Zerg Zerg
  • League: Platinum
  • Spawn Location: 7:00

Sathalom - Winner!

  • Race: Terran Terran
  • League: Diamond
  • Spawn Location: 3:00

Sigardius - Winner!

  • Race: Protoss Protoss
  • League: Platinum
  • Spawn Location: 1:00

VOD

Have the link to the VOD?

Description

Time

  • Played on: Feb. 16, 2019, 11:07 p.m.
  • Length: 21:07
Show
View Real Time Build Order
Export as new Build Order

OpuS Protoss 

Build Orders: Colossus Rush 

Get SALT Encoding   

  12  0:01  Probe  
  13  0:13  Probe  
  14  0:24  Pylon  
  14  0:26  Probe  
  15  0:45  Gateway  
  15  0:47  Probe  
  15  0:55  Probe  
  16  0:58  Assimilator  
  16  1:01  Assimilator  
  17  1:05  Probe  
  18  1:13  Gateway  
  18  1:16  Probe  
  19  1:24  Probe  
  20  1:33  Probe  
  21  1:43  Cybernetics Core  
  21  1:45  Pylon  
  21  1:52  Probe  
  22  2:04  Probe  
  23  2:16  Probe  
  23  2:18  Warp Gate  
  23  2:19  Robotics Facility  
  23  2:20  Stalker  
  23  2:22  Stalker  
  27  2:33  Pylon  
  27  2:43  Gateway  
  26  2:48  Pylon  
  26  2:57  Stalker  
  28  3:04  Immortal  
  32  3:30  Stalker  
  34  3:50  Nexus  
  34  4:07  Sentry x2  
  34  4:09  Zealot  
  40  4:16  Probe  
  41  4:18  Pylon  
  41  4:40  Probe  
  41  4:43  Robotics Bay  
  40  5:12  Probe x2  
  42  5:24  Probe x2  
  44  5:36  Probe x2  
  44  5:37  Colossus  
  38  5:53  Twilight Council  
  38  5:56  Gateway  
  36  5:57  Gateway  
  36  5:59  Probe x2, Gateway  
  36  6:01  Adept x2  
  42  6:08  Adept  
  44  6:30  Stalker x2  
  44  6:31  Stalker  
  50  6:39  Probe x2  
  52  6:43  Pylon  
  52  6:45  Extended Thermal Lance  
  52  6:48  Assimilator  
  52  6:52  Assimilator  
  52  6:58  Adept x2  
  56  7:07  Probe, Charge  
  56  7:08  Probe  
  58  7:25  Zealot  
  58  7:26  Zealot x3  
  58  7:29  Zealot  
  68  7:30  Zealot  
  68  7:32  Probe x2  
  72  7:39  Pylon  
  72  7:44  Probe  
  72  7:48  Colossus  
  73  7:52  Gateway  
  79  8:07  Probe x2  
  79  8:12  Templar Archives  
  81  8:34  Stalker x2  
  81  8:41  Pylon  
  79  8:42  Pylon  
  79  8:44  Pylon  
  79  8:46  Pylon  
  61  8:51  Colossus  
  63  9:00  Zealot x3  
  69  9:09  Psionic Storm  
  67  9:30  Zealot  
  67  9:39  Blink  
  67  9:45  Nexus, Stalker x3  
  57  9:56  Pylon  
  57  10:03  Observer  
  57  10:05  Stalker x2  
  62  10:09  Stalker  
  62  10:12  Stalker  
  66  10:25  Stalker x2, Observer  
  66  10:27  Stalker  
  73  10:35  Probe x2  
  75  10:46  Stalker, Observer  
  75  10:47  Probe x2  
  75  10:48  Stalker  
  82  10:59  Probe  
  82  11:00  Probe x2  
  86  11:11  Probe  
  86  11:12  Stalker, Probe  
  86  11:13  Stalker x2, Probe  
  94  11:23  Probe  
  94  11:27  Probe x2  
  94  11:29  Zealot x3  
  102  11:32  Zealot  
  102  11:38  Probe  
  102  11:39  Probe x2  
  107  11:42  Zealot x2  
  111  11:50  Probe  
  111  11:51  Probe x2  
  114  11:56  High Templar x2  
  114  11:57  High Templar  
  114  11:59  High Templar  
  122  12:04  Zealot x2  
  122  12:07  Probe x2  
  128  12:10  Gateway  
  128  12:13  Gateway  
  128  12:17  Assimilator  
  128  12:21  Zealot  
  130  12:32  Colossus  
  136  12:39  Zealot x2  
  140  12:46  Pylon  
  140  12:48  Pylon  
  140  12:50  Pylon  
  132  13:18  Colossus  
  124  13:20  Zealot x4  
  124  13:21  Zealot x4  
  136  13:34  Pylon  
  136  13:36  Pylon  
  136  13:38  Pylon  
  136  13:40  Pylon  
  136  13:43  Pylon  
  136  13:59  Assimilator  
  130  14:04  Assimilator  
  116  14:12  Colossus  
  120  14:23  Zealot x5  
  120  14:24  Zealot x2  
  128  14:25  Zealot x2  
  98  14:38  Nexus  
  98  14:41  Pylon  
  98  14:43  Pylon  
  98  14:46  High Templar x4  
  98  14:47  High Templar, Gateway  
  98  14:49  Zealot x2  
  98  14:50  Zealot x2, Gateway  
  116  14:58  Forge  
  116  15:00  Forge  
  116  15:03  Forge  
  116  15:05  Colossus  
  122  15:13  Stalker  
  122  15:14  Stalker x2  
  128  15:17  Stalker  
  130  15:23  Stalker  
  132  15:30  Stalker x2  
  132  15:34  Stalker  
  138  15:37  High Templar  
  138  15:38  High Templar  
  142  15:43  Stalker  
  144  15:50  Stalker  
  146  15:58  Protoss Ground Weapons Level 1, Protoss Ground Armor Level 1  
  146  15:59  Protoss Shields Level 1  
  146  16:01  Probe x3  
  149  16:14  Colossus  
  155  16:28  Stalker  
  157  16:34  Probe x3  
  157  16:37  Assimilator  
  157  16:38  Probe  
  161  16:41  High Templar  
  161  16:42  Assimilator  
  161  16:46  Probe  
  164  16:50  Probe x2  
  164  16:51  Probe  
  113  17:14  Zealot  
  113  17:15  Zealot x6  
  87  17:16  Zealot x3  
  87  17:20  Dark Shrine  
  69  17:59  Gateway  
  69  18:01  Gateway  
  69  18:03  Gateway  
  69  18:05  Protoss Shields Level 2, Gateway  
  69  18:08  Pylon  
  69  18:09  Pylon  
  69  18:14  Protoss Ground Weapons Level 2  
  69  18:15  Protoss Ground Armor Level 2  
  69  18:20  Nexus  
  69  18:32  Dark Templar  
  69  18:33  Dark Templar  
  69  18:34  Dark Templar x5  
  77  18:35  Dark Templar x2  
  77  18:36  Dark Templar x2  
  77  18:40  Shadow Stride  
  91  18:50  Assimilator  
  91  18:54  Assimilator  
  91  18:56  Pylon  
  91  18:58  Pylon  
  91  19:02  Dark Templar x2  
  93  19:11  Zealot x3  
  93  19:12  Zealot x2  
  93  19:13  Zealot x5  
  93  19:14  Zealot  
  93  19:15  Zealot  
  93  19:16  Zealot  
  117  19:24  Observer  
  113  19:34  Photon Cannon  
  107  19:44  Dark Templar  
  107  19:45  Dark Templar x4  
  115  19:46  Observer  
  110  20:07  Observer  
  110  20:09  Dark Templar x2  
  115  20:15  Dark Templar  
  76  20:34  Zealot x3  
  76  20:35  Zealot x6  
  82  20:37  Zealot  
  82  20:38  Zealot  
  82  20:42  Zealot  
  82  20:55  Dark Templar  
  82  20:56  Dark Templar  
Show
View Real Time Build Order
Export as new Build Order

Sketchaphone Zerg 

Build Orders: Hatch First 

Get SALT Encoding   

  12  0:02  Drone  
  13  0:12  Overlord  
  13  0:18  Drone  
  14  0:32  Drone x2  
  16  0:38  Drone  
  17  0:56  Hatchery  
  16  1:00  Drone  
  16  1:02  Extractor  
  17  1:04  Drone  
  17  1:07  Drone  
  18  1:24  Spawning Pool  
  17  1:37  Overlord, Drone  
  18  1:41  Drone  
  19  1:50  Drone  
  20  2:01  Drone  
  21  2:11  Metabolic Boost, Drone  
  21  2:12  Queen  
  23  2:22  Queen  
  25  2:28  Drone  
  26  2:38  Drone x3  
  26  2:39  Drone  
  30  2:50  Roach Warren  
  29  2:58  Overlord  
  29  3:04  Zergling x2  
  30  3:08  Zergling x2  
  30  3:12  Overlord  
  31  3:17  Drone  
  32  3:22  Overlord  
  32  3:30  Roach  
  32  3:31  Roach x3  
  32  3:33  Roach  
  42  3:36  Drone  
  42  3:39  Roach  
  45  3:45  Roach  
  45  3:48  Roach  
  49  3:53  Roach  
  49  3:54  Roach  
  53  3:58  Roach  
  53  4:00  Drone  
  56  4:03  Roach  
  56  4:07  Roach  
  60  4:11  Overlord  
  60  4:19  Overlord  
  60  4:32  Drone  
  60  4:34  Drone x7  
  68  4:40  Drone  
  68  4:43  Lair  
  69  5:05  Drone  
  70  5:20  Hatchery  
  69  5:28  Extractor  
  67  5:32  Drone x9, Extractor  
  67  5:33  Extractor  
  74  5:42  Drone x4  
  58  6:03  Overlord, Zergling x8, Hatchery  
  58  6:04  Zergling x4  
  63  6:08  Glial Reconstitution  
  63  6:13  Evolution Chamber  
  63  6:14  Pneumatized Carapace, Evolution Chamber  
  63  6:15  Overlord  
  61  6:20  Overlord  
  61  6:33  Roach x5  
  61  6:34  Overlord  
  61  6:36  Overlord  
  61  6:37  Overlord  
  61  6:38  Drone  
  72  6:44  Drone  
  72  6:45  Zerg Ground Armor Level 1  
  73  6:53  Queen  
  75  6:54  Overlord  
  75  6:56  Drone  
  75  6:59  Roach  
  75  7:01  Ravager x2  
  79  7:07  Roach x2  
  84  7:14  Zerg Missile Weapons Level 1  
  84  7:16  Roach x3  
  90  7:29  Queen  
  90  7:30  Overlord  
  90  7:35  Infestation Pit  
  91  7:38  Nydus Network  
  89  7:51  Overlord  
  89  8:00  Overlord  
  89  8:01  Zergling x2  
  88  8:32  Zergling x34  
  88  8:33  Zergling x8  
  107  8:50  Zergling x16  
  107  8:52  Queen x3  
  107  8:53  Queen  
  123  8:57  Zerg Ground Armor Level 2  
  123  9:09  Drone  
  133  9:22  Drone x2  
  99  9:39  Roach  
  99  9:44  Zerg Missile Weapons Level 2  
  95  9:49  Hydralisk Den  
  95  9:52  Roach x3  
  118  9:56  Zergling x4  
  118  9:57  Drone  
  121  10:07  Drone x2  
  123  10:08  Drone  
  123  10:09  Spore Crawler  
  123  10:16  Hive  
  123  10:23  Overseer  
  123  10:26  Overseer  
  119  10:39  Roach x4  
  119  10:40  Roach x7  
  138  10:50  Nydus Canal  
  138  10:56  Drone x10  
  148  10:58  Roach  
  148  11:02  Drone  
  151  11:44  Zerg Ground Armor Level 3  
  151  11:45  Adrenal Glands  
  151  11:48  Grooved Spines, Ultralisk Cavern, Hydralisk  
  151  11:51  Evolution Chamber  
  141  11:54  Extractor x2  
  141  11:56  Nydus Canal  
  141  11:59  Extractor  
  141  12:00  Overlord, Drone x8, Extractor  
  141  12:01  Overlord x3  
  110  12:04  Roach  
  110  12:05  Roach x5  
  122  12:27  Roach x11  
  122  12:28  Hydralisk  
  122  12:29  Zergling x2  
  142  12:38  Hydralisk x2  
  142  12:41  Zergling x2  
  146  12:56  Hydralisk x3  
  152  13:25  Roach x3  
  135  13:42  Nydus Canal  
  124  13:50  Zergling x8  
  124  13:51  Zergling x4  
  123  13:57  Burrow, Nydus Canal  
  123  14:11  Nydus Canal  
  123  14:13  Overlord x4  
  123  14:14  Overlord  
  89  14:42  Roach x5  
  99  14:47  Nydus Canal  
  99  14:53  Roach x2  
  99  14:56  Roach  
  90  15:17  Hydralisk x3  
  96  15:21  Nydus Canal  
  96  15:32  Ultralisk x2  
  96  15:33  Ultralisk  
  96  15:34  Nydus Canal  
  114  15:47  Nydus Canal  
  114  15:48  Hatchery  
  113  15:59  Hatchery  
  113  16:04  Nydus Canal  
  112  16:18  Extractor  
  112  16:19  Extractor  
  110  16:28  Overlord  
  110  16:57  Nydus Canal  
  65  17:37  Ultralisk  
  65  17:38  Ultralisk x2  
  75  18:00  Nydus Network  
Show
View Real Time Build Order
Export as new Build Order

Sathalom Terran - Winner!

Build Orders: Reaper Expand 

Get SALT Encoding   

  12  0:01  SCV  
  13  0:13  SCV  
  14  0:18  Supply Depot  
  14  0:26  SCV  
  15  0:42  Barracks  
  15  0:44  Refinery  
  15  0:45  SCV  
  16  0:57  SCV  
  17  1:09  SCV  
  18  1:21  SCV  
  19  1:31  Reaper  
  20  1:37  Orbital Command  
  20  1:50  Command Center  
  20  1:58  Barracks  
  20  2:09  SCV  
  20  2:15  Barracks Reactor  
  21  2:21  Supply Depot, SCV  
  22  2:33  Factory, SCV  
  22  2:36  Refinery  
  23  2:45  SCV  
  24  2:54  Marine x2, Barracks Tech Lab  
  24  2:58  SCV  
  26  3:08  Orbital Command  
  26  3:10  SCV  
  27  3:12  Marine  
  27  3:13  Marine  
  29  3:22  SCV  
  29  3:24  Starport  
  29  3:25  Marine  
  31  3:30  Marine  
  31  3:31  Stimpack  
  31  3:32  Marine  
  33  3:37  SCV  
  33  3:41  Factory Reactor  
  34  3:45  Marine, SCV  
  36  3:49  SCV  
  36  3:51  Supply Depot  
  36  3:54  Marine  
  36  3:55  Marine  
  39  3:57  SCV  
  40  4:03  Marine  
  40  4:09  SCV  
  43  4:10  SCV  
  43  4:12  Marine x2  
  45  4:22  SCV x2  
  45  4:23  Marine  
  48  4:24  Factory Tech Lab, Medivac  
  48  4:25  Medivac  
  48  4:30  Marine x2  
  48  4:31  Supply Depot  
  54  4:34  Supply Depot  
  54  4:40  SCV x2  
  56  4:46  Marauder  
  56  4:49  Siege Tank  
  61  4:56  Marine  
  61  4:57  Marine  
  63  5:02  SCV  
  63  5:03  SCV  
  65  5:08  Medivac  
  65  5:10  Marine  
  68  5:14  SCV  
  68  5:15  SCV  
  69  5:23  Marine x2  
  72  5:28  SCV x2  
  72  5:30  Marine  
  72  5:31  Combat Shield  
  74  5:40  Marine  
  69  5:49  Marauder, Marine  
  66  5:56  Barracks x2  
  66  5:58  Marine  
  66  5:59  Barracks  
  66  6:01  Refinery  
  66  6:02  Supply Depot  
  67  6:04  SCV x2  
  67  6:05  Refinery  
  69  6:13  Marauder, Marine  
  69  6:14  Siege Tank  
  69  6:16  Marine  
  69  6:17  Command Center  
  76  6:26  Supply Depot  
  76  6:27  SCV x2  
  78  6:35  Engineering Bay  
  78  6:36  Engineering Bay  
  78  6:39  SCV x2  
  80  6:40  Supply Depot  
  80  6:45  Barracks Reactor, Marauder  
  80  6:46  Barracks Tech Lab  
  82  6:47  Barracks Reactor, Marine  
  82  6:48  Marine  
  82  6:49  Supply Depot  
  84  7:00  Siege Tank  
  87  7:01  Viking x2  
  91  7:14  Marauder x2, Marine x2  
  97  7:17  Terran Infantry Weapons Level 1  
  95  7:23  Marine  
  95  7:24  Marine x3  
  99  7:30  Refinery  
  99  7:31  Refinery  
  99  7:32  Marine x2  
  99  7:33  Orbital Command  
  99  7:35  SCV x2  
  103  7:44  Marauder x2, Marine x3  
  103  7:46  Supply Depot  
  103  7:48  SCV x2  
  112  8:00  Marine x2  
  112  8:01  Siege Tank  
  112  8:03  Marine, Viking x2  
  112  8:05  SCV  
  123  8:08  Terran Infantry Armor Level 1  
  123  8:12  Marine x2  
  123  8:13  Marine  
  124  8:26  Marauder, Marine x2  
  124  8:27  Marauder, Marine  
  130  8:30  Marine, Supply Depot  
  123  8:55  Marauder x2, Marine x5  
  132  9:06  Medivac x2  
  132  9:07  Marine  
  137  9:12  Marine  
  137  9:13  Marine x2  
  140  9:20  Armory, Marauder  
  140  9:21  Marauder  
  140  9:24  Marine x2, Command Center  
  118  9:40  Supply Depot  
  118  9:42  Marauder  
  118  9:43  Marauder  
  100  10:02  SCV x3  
  103  10:07  Command Center  
  103  10:09  Terran Infantry Weapons Level 2, Terran Infantry Armor Level 2  
  103  10:14  Factory, SCV x3  
  104  10:16  Starport  
  106  10:22  Marauder, Marine x6  
  106  10:25  Marauder, Siege Tank  
  106  10:26  Medivac x2, SCV x2  
  125  10:30  Supply Depot  
  125  10:37  Terran Vehicle Weapons Level 1  
  125  10:39  Orbital Command  
  125  10:43  Marauder, Marine x4  
  125  10:46  Barracks, Marauder  
  133  10:56  Marine x2  
  135  10:57  Factory Tech Lab  
  135  10:58  Starport Reactor  
  135  11:03  Marine x4  
  139  11:05  Marauder, Siege Tank  
  139  11:06  Medivac x2  
  139  11:07  Marauder  
  150  11:13  Marine  
  150  11:14  Marine  
  150  11:16  SCV x3, Supply Depot  
  155  11:21  Marine x2  
  155  11:23  Planetary Fortress  
  157  11:27  Sensor Tower  
  157  11:28  Refinery  
  157  11:30  Refinery, SCV x3  
  157  11:31  Marauder, Marine  
  157  11:32  Marauder  
  165  11:42  Missile Turret  
  155  12:04  Siege Tank x2  
  155  12:05  Medivac, Viking  
  155  12:06  Medivac, Viking  
  155  12:07  Marauder  
  155  12:08  Barracks Reactor, Marauder, Marine  
  173  12:09  Marine x2  
  176  12:29  Marauder  
  166  12:38  SCV x2  
  168  12:48  Marauder  
  168  12:49  Siege Tank x2  
  168  12:50  Orbital Command  
  182  12:52  Viking x4  
  182  12:53  Marine x7  
  191  13:02  Marauder  
  193  13:10  Marauder  
  193  13:11  Refinery  
  195  13:42  Supply Depot  
  195  13:43  Terran Infantry Weapons Level 3  
  195  13:44  Terran Vehicle Weapons Level 2  
  195  13:54  Terran Infantry Armor Level 3  
  195  14:03  Marine x3, Viking  
  200  14:15  Sensor Tower  
  200  14:19  Marine  
  200  14:20  Marine  
  200  14:21  Viking  
  200  14:23  Viking  
  200  14:27  Viking  
  200  14:30  Siege Tank  
  199  14:36  Marine  
  200  14:58  Siege Tank  
  199  15:01  Marauder  
  194  15:56  Starport, Fusion Core  
  194  15:58  Starport  
  194  16:39  Ghost Academy  
  194  16:40  Ghost Academy  
  194  16:41  Ghost Academy  
  194  16:44  Command Center  
  194  16:53  Terran Vehicle Weapons Level 3  
  194  16:55  Neosteel Armor  
  194  16:56  Hi-Sec Auto Tracking  
  194  17:01  Barracks  
  194  17:03  Barracks  
  174  17:09  Marauder x2, Marine x8  
  174  17:10  Siege Tank x2  
  174  17:13  Starport Reactor, Starport Tech Lab  
  184  17:19  Liberator x3  
  184  17:27  Marine x2  
  186  17:30  Marauder x2  
  186  17:36  Liberator x2  
  181  17:52  Siege Tank x2  
  189  18:24  Siege Tank x2  
  194  18:42  Liberator  
  189  18:59  Siege Tank x2  
  197  19:19  Barracks Tech Lab  
  197  19:20  Barracks Tech Lab  
  197  19:21  Barracks Reactor  
  196  19:53  Ghost Academy  
  196  19:54  Ghost Academy x2  
  196  19:57  Orbital Command  
  196  20:05  Medivac x2  
  200  20:09  Concussive Shells  
  199  20:35  Ghost  
Show
View Real Time Build Order
Export as new Build Order

Sigardius Protoss - Winner!

Build Orders:  

Get SALT Encoding   

  12  0:07  Probe  
  13  0:15  Probe  
  13  0:18  Pylon  
  14  0:25  Probe  
  15  0:38  Probe  
  16  0:49  Gateway  
  16  0:53  Assimilator  
  16  0:57  Probe  
  16  1:03  Pylon  
  17  1:05  Probe  
  18  1:14  Probe  
  19  1:20  Assimilator  
  19  1:26  Probe  
  20  1:39  Gateway  
  20  1:40  Pylon  
  20  1:43  Probe  
  21  1:58  Probe  
  22  2:04  Cybernetics Core  
  22  2:10  Probe  
  23  2:32  Probe  
  24  2:40  Probe  
  24  2:43  Warp Gate  
  25  2:58  Stalker  
  27  3:00  Stalker  
  29  3:19  Nexus  
  29  3:23  Probe  
  30  3:29  Robotics Facility  
  30  3:35  Twilight Council  
  30  3:38  Gateway  
  30  3:42  Probe  
  30  3:47  Assimilator  
  30  4:00  Probe  
  31  4:11  Charge  
  33  4:19  Observer  
  33  4:22  Probe  
  33  4:33  Pylon  
  33  4:34  Sentry  
  33  4:36  Zealot x2  
  39  4:44  Gateway  
  35  5:08  Zealot x2  
  35  5:09  Zealot  
  33  5:26  Zealot x2  
  33  5:27  Zealot  
  35  5:38  Probe  
  35  5:39  Probe  
  31  5:43  Gateway  
  31  5:46  Gateway  
  31  5:48  Probe  
  31  5:49  Pylon, Forge  
  31  5:51  Probe  
  31  5:53  Gateway  
  31  5:56  Probe  
  33  6:03  Probe  
  35  6:06  Pylon  
  35  6:11  Robotics Facility  
  35  6:13  Probe  
  35  6:15  Probe, Templar Archives  
  37  6:22  Probe  
  37  6:27  Probe  
  37  6:32  Zealot x2, Probe  
  43  6:33  Zealot  
  43  6:39  Probe  
  47  6:43  Protoss Ground Weapons Level 1  
  47  6:46  Zealot  
  49  7:00  Immortal  
  53  7:01  Psionic Storm  
  53  7:04  High Templar  
  55  7:15  Probe x2  
  57  7:18  Assimilator  
  57  7:22  Zealot  
  57  7:23  Zealot  
  57  7:27  Pylon  
  61  7:36  Pylon  
  61  7:39  Pylon  
  61  7:46  Immortal  
  61  7:50  High Templar  
  61  7:51  High Templar  
  69  8:02  Robotics Bay  
  69  8:04  Dark Shrine  
  69  8:12  Nexus  
  69  8:15  Probe  
  69  8:16  Probe  
  71  8:21  Pylon  
  71  8:23  Pylon  
  71  8:28  Probe  
  71  8:30  Pylon  
  71  8:31  Zealot x2  
  76  8:57  Gateway  
  76  9:01  Sentry  
  78  9:05  High Templar  
  78  9:06  High Templar  
  78  9:07  High Templar x2  
  86  9:11  Disruptor  
  86  9:13  Archon  
  86  9:14  Archon  
  89  9:21  Probe  
  89  9:22  Probe x2  
  89  9:29  Probe  
  89  9:30  Probe x2  
  95  9:39  Probe x3  
  95  9:42  Protoss Shields Level 1  
  95  9:45  Assimilator  
  98  9:47  Assimilator, Dark Templar x2  
  102  10:08  High Templar  
  102  10:13  Zealot x4  
  112  10:23  Observer  
  113  10:34  Stalker  
  113  10:35  Stalker x4  
  120  10:45  Immortal  
  124  10:58  Pylon  
  124  11:01  Pylon  
  124  11:03  Forge  
  124  11:05  Gateway  
  116  11:36  Nexus  
  116  11:43  Zealot x5  
  126  11:52  Pylon  
  126  11:54  Pylon  
  126  11:55  Protoss Ground Weapons Level 2  
  126  11:56  Pylon  
  126  11:57  Protoss Shields Level 2  
  126  12:10  Immortal  
  130  12:51  Pylon  
  130  12:53  Pylon  
  130  12:55  Pylon  
  130  12:57  Pylon  
  119  13:15  Nexus  
  103  13:23  High Templar  
  103  13:24  High Templar  
  103  13:25  Zealot x2  
  103  13:26  Zealot x4  
  88  13:29  Immortal  
  88  13:48  Probe  
  88  13:49  Probe  
  88  13:52  Stalker x5  
  88  13:55  Dark Templar  
  102  14:00  Probe  
  102  14:01  Probe  
  83  14:14  Zealot  
  83  14:15  Zealot x6  
  54  14:33  Zealot x5  
  54  14:34  Zealot x2  
  52  15:01  High Templar x4  
  52  15:02  Nexus, High Templar  
  52  15:05  Pylon  
  62  15:13  Pylon  
  62  15:17  Probe x3  
  65  15:24  Archon  
  65  15:25  Archon  
  65  15:29  Probe x2  
  65  15:30  Probe  
  65  15:33  Immortal  
  72  15:41  Probe x2  
  74  15:54  Stalker x3  
  74  15:55  Stalker  
  82  16:00  Probe  
  82  16:11  Disruptor  
  84  16:26  Photon Cannon  
  84  16:27  Photon Cannon  
  84  16:30  Photon Cannon  
  84  16:31  Probe  
  85  16:33  Probe  
  85  16:37  Probe  
  87  16:44  Probe  
  87  16:46  Probe  
  89  16:48  Observer  
  70  17:32  Zealot  
  70  17:33  Zealot x5  
  70  17:34  Zealot  
  70  17:37  Stalker  
  76  18:12  Nexus  
  76  18:14  Probe  
  76  18:15  Probe x2  
  76  18:18  Dark Templar  
  76  18:19  High Templar  
  83  18:21  Stalker x2  
  83  18:22  Stalker x4  
  83  18:25  Immortal  
  83  18:27  Probe  
  100  18:50  Zealot x3  
  100  18:51  Zealot x2  
  89  19:16  Observer  
  90  19:27  Zealot x4  
  90  19:28  Zealot x4  
  106  19:33  Observer  
  75  19:49  Zealot x7  
  75  19:50  Zealot  
  28  20:20  Zealot x3  
  28  20:21  Zealot x3  
  36  20:32  Probe x3  
  39  20:40  Probe x2  
  39  20:41  Probe  
  39  20:45  Photon Cannon  
  39  20:49  Probe x2  
  42  20:51  Probe  
  42  20:56  Pylon  
  45  20:58  Pylon  
Tags
 
Add a new tag
Caveats
  • Supply blocks, unpowered buildings, or Contaminate may cause inaccurate times.
  • Supply counts are checked every 10 seconds.